 Dungeon Crawl Stone Soup version 0.30-a0-576-g89cddaab80 (webtiles) character file.

Game seed: 1591830357426615554

21 kae the Insei (level 2, -4/21 HPs)
             Began as a Demonspawn Transmuter on Dec 30, 2022.
             Slain by a quokka (5 damage)
             ... on level 1 of the Dungeon.
             The game lasted 00:00:24 (376 turns).

kae the Insei (Demonspawn Transmuter)                Turns: 376, Time: 00:00:25

Health: -4/21      AC:  2    Str: 10    XL:     2   Next: 62%
Magic:  5/5        EV: 12    Int: 14    God:
Gold:   31         SH:  0    Dex: 13    Spells: 4/5 levels left

rFire   . . .      SeeInvis .      - Unarmed
rCold   . . .      Faith    .    (no shield)
rNeg    . . .      Spirit   .    a - +0 robe
rPois   .          Reflect  .    (no helmet)
rElec   .          Harm     .    (no cloak)
rCorr   .          Rampage  .    (no gloves)
Will    .....                    (no boots)
Stlth   +                        (no amulet)
HPRegen 0.23/turn                (no ring)
MPRegen 0.18/turn                (no ring)

@: no status effects
A: magic regeneration
a: no special abilities


You were on level 1 of the Dungeon.
You visited 1 branch of the dungeon, and saw 1 of its levels.

You collected 31 gold pieces.


Innate Abilities, Weirdness & Mutations

You regenerate magic rapidly.


   Skills:
 - Level 1.0 Fighting
 - Level 1.7 Dodging
 + Level 2.9 Unarmed Combat
 + Level 2.3 Spellcasting
 * Level 2.4 Transmutations


You had 4 spell levels left.
You knew the following spells:

 Your Spells              Type           Power      Damage    Failure   Level
a - Beastly Appendage     Tmut           16%        N/A       9%          1

Your spell library contained the following spells:

 Spells                   Type           Power      Damage    Failure   Level
 Wereblood                Tmut           8%         N/A       13%         2
 Spider Form              Tmut/Pois      5%         N/A       38%         3
 Ice Form                 Ice/Tmut       5%         N/A       80%         4

Inventory:

Missiles
 d - 5 stones
Armour
 a - a +0 robe (worn)
Scrolls
 c - a scroll of teleportation {unknown}
 e - a scroll of magic mapping {unknown}
 g - a scroll of amnesia {unknown}
Potions
 b - a potion of lignification {!q}
 f - a potion of degeneration {unknown}
 h - a potion of curing {unknown}

Dungeon Overview and Level Annotations

Branches:
Dungeon (1/15) Zot: 5625

Altars:

.. .... ##.#### .....
......# ..... ##....#
.....#####...#
..!..........######
.........)......... ###
....##...##.######.....
#........###...†@r......
#.....$...#########.....
...#.####.........#.....
......# #............ #
.....###.........#
................#
#...##..........#
##....[..........#
##.....##.........#


You could see a quokka.


Message History

You headbutt the endoplasm. The endoplasm freezes you.
You are frozen. 😕 HP[-3]
You take 3 damage, and now have 17/21 hp.
An endoplasm is nearby!
You barely miss the endoplasm.
You claw the endoplasm, but do no damage.
You headbutt the endoplasm, but do no damage.
You punch the endoplasm, but do no damage.
The endoplasm hits you.
You hit the endoplasm.
You kill the endoplasm! 😮 HP[-2]
You take 2 damage, and now have 15/21 hp.
Your horns disappear.
Your talons disappear.
h - a puce potion 😎 HP[+6]
Your hp is fully restored (21).
No target in view!
No target in view!
A bat comes into view.
A bat is nearby!
A bat is nearby!
A quokka comes into view.
The quokka barely misses you.
Casting: Beastly Appendage (safe; 9% risk of failure)
Confirm with . or Enter, or press ? or * to list all spells.
You grow a pair of large bovine horns.
Your feet morph into talons.
The quokka bites you. The quokka bites you.
The bat hits you but does no damage.
The quokka barely misses you. 😮 HP[-8] MP[-1]
You take 8 damage, and now have 13/21 hp.
MASSIVE DAMAGE!! (PAUSE)
You lost 1 mp, and now have 4/5 mp.
You are too injured to fight recklessly!
You are too injured to fight recklessly!
You are too injured to fight recklessly!
You are too injured to fight recklessly!
You closely miss the quokka. You claw the quokka, but do no damage.
Your headbutt misses the quokka. The bat closely misses you.
The quokka bites you but does no damage.
The bat hits you but does no damage. The quokka bites you.
* * * LOW HITPOINT WARNING * * *
😨 HP[-4]
You take 4 damage, and now have 9/21 hp.
The bat misses you. The quokka closely misses you.
The quokka misses you. 😨 HP[+1] MP[+1]
Your mp is fully restored (5).
You hit the quokka. You headbutt the quokka. The bat completely misses you.
The quokka barely misses you. The quokka barely misses you.
The bat closely misses you. The quokka misses you.
An endoplasm comes into view.
The bat misses you. The bat closely misses you. The bat closely misses you.
The endoplasm quivers. 😮 HP[+1]
You hit the endoplasm. You claw the endoplasm.
You kill the endoplasm!
Your transformation is almost over.
A quokka comes into view.
The quokka attacks as you move away! The quokka bites you.
* * * LOW HITPOINT WARNING * * *
The quokka bites you.
* * * LOW HITPOINT WARNING * * *
😨 HP[-5]
You take 5 damage, and now have 6/21 hp.
MASSIVE DAMAGE!! (PAUSE)
You miss the quokka. Your kick misses the quokka. The quokka barely misses you.
You hit the quokka.
You kill the quokka!
The bat barely misses you. 😨 HP[+1]
You miss the bat. Your kick misses the bat. The bat closely misses you.
The bat barely misses you. The quokka closely misses you.
You closely miss the bat. The bat hits you but does no damage.
The quokka bites you.
* * * LOW HITPOINT WARNING * * *
😨 HP[-1]
You take 1 damage, and now have 6/21 hp.
You barely miss the bat. You claw the bat.
You kill the bat!
The quokka bites you.
* * * LOW HITPOINT WARNING * * *
😱 HP[-3]
You take 3 damage, and now have 3/21 hp.
You hit the quokka but do no damage. The quokka barely misses you. 😱 HP[+1]
You barely miss the quokka. You claw the quokka.
Your horns disappear.
Your talons disappear.
The quokka bites you.
* * * LOW HITPOINT WARNING * * *
😱 HP[-3]
You take 3 damage, and now have 1/21 hp.
Unknown command.
You barely miss the quokka. The quokka misses you. The quokka bites you.
You die...

Skill      XL: |  1 |
---------------+----+-----
Transmutations | 2 |  2.4
Fighting       | |  1.0
Dodging        | |  1.7
Unarmed Combat | |  2.9
Spellcasting   | |  2.3

Action                   || total
-------------------------++-------
Melee: Unarmed           ||    40
       Kick              ||    11
       Headbutt          ||     6
       Punch             ||     2
 Cast: Beastly Appendage ||     8
Armor: Robe              ||    11
Dodge: Dodged            ||    40

Levels and vault maps discovered:
D:1:      nagdon_arrival_double_spiral, layout_rooms, hangedman_feature_mirror

Notes
Turn   | Place    | Note
-------+----------+-------------------------------------------
     0 | D:1      | kae the Demonspawn Transmuter began the quest for the Orb.
     0 | D:1      | Reached XP level 1. HP: 15/15 MP: 3/3
     0 | D:1      | magus.rc [v1.11.3]
    94 | D:1      | Reached skill level 2 in Transmutations
   200 | D:1      | Gained mutation: You regenerate magic rapidly. [demonic
                  | ancestry]
   200 | D:1      | Reached XP level 2. HP: 21/21 MP: 5/5
   373 | D:1      | HP: 3/21 [quokka (3)]
   375 | D:1      | HP: 1/21 [quokka (3)]
   376 | D:1      | Slain by a quokka

Vanquished Creatures
  2 dart slugs (D:1)
  A ball python (D:1)
  4 bats (D:1)
  2 endoplasms (D:1)
  A giant cockroach (D:1)
  2 hobgoblins (D:1)
  A quokka (D:1)
  A frilled lizard (D:1)
  A kobold (D:1)
  A rat (D:1)
16 creatures vanquished.

Table legend:
 A = Non-vault XP
 B = Vault XP
 C = Vault XP percentage of total XP
 D = Non-vault monster count
 E = Vault monster count
 F = Vault count percentage of total count
                 A         B        C        D         E       F
            +---------+---------+-------+---------+---------+-------
      Total |      29 |       1 |   3.3 |      15 |       1 |   6.2
            +---------+---------+-------+---------+---------+-------
        D:1 |      29 |       1 |   3.3 |      15 |       1 |   6.2
            +---------+---------+-------+---------+---------+-------

Illustrated notes

Table legend:
 A = Kills in this place as a percentage of kills in entire the game.
 B = Kills by you in this place as a percentage of kills by you in the entire game.
 C = Kills by friends in this place as a percentage of kills by friends in the entire game.
 D = Other kills in this place as a percentage of other kills in the entire game.
 E = Experience gained in this place as a percentage of experience gained in the entire game.
 F = Experience gained in this place divided by the number of levels of this place that you have seen.
                   A       B       C       D       E      F
               +-------+-------+-------+-------+-------+----------------------
         Total | 100.0 | 100.0 |   N/A |   N/A | 100.0 |  30.0
       Dungeon | 100.0 | 100.0 |   N/A |   N/A | 100.0 |  30.0
               +-------+-------+-------+-------+-------+----------------------

Table legend: (Time is in decaauts)
 A = Elapsed time spent in this place.
 B = Non-inter-level travel time spent in this place.
 C = Inter-level travel time spent in this place.
 D = Time resting spent in this place.
 E = Time spent auto-exploring this place.
 F = Levels seen in this place.
 G = Mean time per level.
                   A        B        C        D        E       F      G
               +--------+--------+--------+--------+--------+-----+--------+
         Total |    373 |    373 |      0 |      0 |    271 |   1 |  373.0 |
       Dungeon |    373 |    373 |      0 |      0 |    271 |   1 |  373.0 |
               +--------+--------+--------+--------+--------+-----+--------+

Top non-repeatable levels by time:
     D:1: 373 daAuts
